 Dungeon Sprint DCSS version 0.21.0-24-g2553a33 (webtiles) character file.

259 letownia2 the Grappler (level 5, -4/59 HPs)
             Began as a Troll Wizard on Jan 20, 2018.
             Slain by a neqoxec (11 damage)
             ... in the Dungeon (Sprint II: "The Violet Keep of Menkaure").
             The game lasted 00:00:19 (23 turns).

letownia2 the Grappler (Troll Wizard)                 Turns: 23, Time: 00:00:19

Health: -4/59      AC:  5    Str: 15    XL:     5   Next: 94%
Magic:  7/7        EV:  9    Int: 13    God:
Gold:   0          SH:  0    Dex:  8    Spells: 7/8 levels left

rFire    . . .     SeeInvis .     - Unarmed
rCold    . . .     Gourm    +   (no shield)
rNeg     . . .     Faith    .   a - +0 robe
rPois    .         Spirit   .   b - +0 hat
rElec    .         Reflect  .   (no cloak)
rCorr    .         Harm     .   (gloves unavailable)
MR       .....     NoTele   +   (boots unavailable)
Stlth    +.........             (no amulet)
HPRegen  0.59/turn              (no ring)
MPRegen  0.10/turn              (no ring)

@: berserk cooldown, slowed, very slow
A: large, unfitting armour, claws 3, dopey 1, fast metabolism 3, gourmand,
regeneration 1, screaming 1, shaggy fur 1, tough skin 2
a: no special abilities


You were in the Dungeon.
You were not hungry.

You visited 1 branch

Inventory:

Armour
 a - a +0 robe (worn)
 b - a +0 hat (worn)
Scrolls
 j - a scroll of blinking
Potions
 e - a potion of curing
 f - a potion of heal wounds
 g - a potion of haste
 h - 2 potions of magic
Books
 c - a book of Minor Magic

   Spells                             Type                      Level
   a - Magic Dart                     Conjuration                  1
   b - Blink                          Translocation                2
   c - Call Imp                       Summoning                    2
   d - Slow                           Hexes                        2
   e - Conjure Flame                  Conjuration/Fire             3
   f - Mephitic Cloud                 Conjuration/Poison/Air       3
Comestibles
 d - 2 rations


   Skills:
 + Level 5.8 Fighting
 - Level 1.5 Dodging
 - Level 1.0 Stealth
 * Level 10.0 Unarmed Combat
 - Level 2.0 Spellcasting
 - Level 0.6 Conjurations
   Level 0.6 Summonings
   Level 0.6 Translocations


You had 7 spell levels left.
You knew the following spells:

 Your Spells              Type           Power        Failure   Level  Hunger
a - Magic Dart            Conj           #...         21%         1    ##.....


Dungeon Overview and Level Annotations

Branches:
Dungeon (1/1)

Altars:


Innate Abilities, Weirdness & Mutations

You are too large for most types of armour.
You have claws for hands.
Your metabolism is lightning-fast.
You like to eat raw meat.
Your natural rate of healing is unusually fast.
You are covered in fur. (AC +1)
You have very tough skin. (AC +2)
You are dopey. (Int -2)
You occasionally shout uncontrollably at your foes.


Message History

You have reached level 5!
You barely miss the neqoxec.
You are no longer berserk.
You are exhausted.
You feel yourself slow down.
You claw the neqoxec!
The neqoxec is moderately wounded.
The neqoxec closely misses you. The neqoxec barely misses you.
You scratch the neqoxec.
The neqoxec is heavily wounded.
The neqoxec hits you but does no damage.
You claw the neqoxec!
The neqoxec is severely wounded.
The neqoxec gestures at you.
Strange energies course through your body.
You feel stupid.
You miss the neqoxec.
The neqoxec is severely wounded.
The neqoxec hits you!
You die...

#+#
##.###
+.<@3#
##.##.#
#+# .#
#


You could see a neqoxec.

Vanquished Creatures
  2 neqoxecs (D)
2 creatures vanquished.

Notes
Turn   | Place    | Note
-------+----------+-------------------------------------------
     0 | D        | letownia2 the Troll Wizard began the quest for the Orb.
     0 | D        | Reached XP level 1. HP: 16/16 MP: 2/2
     1 | D        | Noticed a neqoxec
     2 | D        | Noticed a neqoxec
     8 | D        | Gained mutation: You occasionally shout uncontrollably at your foes. [a neqoxec]
     9 | D        | Noticed a neqoxec
    10 | D        | Noticed a crimson imp
    10 | D        | Noticed a crimson imp
    12 | D        | HP: 1/24 [neqoxec (15)]
    14 | D        | Killed a neqoxec
    14 | D        | Reached skill level 7 in Unarmed Combat
    14 | D        | Reached XP level 2. HP: 4/33 MP: 4/4
    14 | D        | Reached XP level 3. HP: 5/40 MP: 5/5
    14 | D        | Reached XP level 4. HP: 6/49 MP: 6/6
    18 | D        | Killed a neqoxec
    18 | D        | Reached skill level 5 in Fighting
    18 | D        | Reached skill level 10 in Unarmed Combat
    18 | D        | Reached XP level 5. HP: 5/59 MP: 7/7
    22 | D        | Gained mutation: You are dopey. (Int -2) [a neqoxec]
    23 | D        | Slain by a neqoxec

Skill      XL: |  1  2  3  4 |
---------------+-------------+-----
Fighting       | 4 5 |  5.8
Unarmed Combat | 7 10 | 10.0
Dodging        | |  1.5
Stealth        | |  1.0
Spellcasting   | |  2.0
Conjurations   | |  0.6
Summonings     | |  0.6
Translocations | |  0.6

Action                   |  1- 3 |  4- 6 || total
-------------------------+-------+-------++-------
Melee: Unarmed           |    10 |     9 ||    19
  Use: Potion            |     1 |       ||     1
Armor: Robe              |     6 |     2 ||     8
Dodge: Dodged            |     6 |     2 ||     8
